 Dungeon Crawl Stone Soup version 0.29-a0-841-g116ddc6ace (webtiles) character file.

Game seed: 2371007093276181673

86 frimble the Magician (level 4, -5/30 HPs)
             Began as a Demonspawn Hedge Wizard on July 15, 2022.
             Slain by an iguana (12 damage)
             ... on level 5 of the Dungeon.
             The game lasted 00:04:04 (3555 turns).

frimble the Magician (Demonspawn Hedge Wizard)      Turns: 3555, Time: 00:04:04

Health: -5/30      AC:  2    Str: 10    XL:     4   Next: 26%
Magic:  8/8        EV: 12    Int: 17    God:
Gold:   59         SH:  0    Dex: 13    Spells: 8/9 levels left

rFire   . . .      SeeInvis .     - Unarmed
rCold   . . .      Faith    .   (no shield)
rNeg    . . .      Spirit   .   b - +0 robe
rPois   .          Reflect  .   c - +0 hat
rElec   .          Harm     .   (no cloak)
rCorr   .          Rampage  .   (no gloves)
Will    .....                   (no boots)
Stlth   ++........              (no amulet)
HPRegen 0.10/turn               (no ring)
MPRegen 0.11/turn               (no ring)

@: hasted, very quick
A: claws 1
a: no special abilities


You were on level 5 of the Dungeon.
You visited 1 branch of the dungeon, and saw 5 of its levels.

You collected 59 gold pieces.

Inventory:

Missiles
 a - 2 curare-tipped darts
Armour
 b - a +0 robe (worn)
 c - a +0 hat (worn)
Wands
 g - a wand of flame (13)
Scrolls
 d - a scroll of fog {unknown}
 f - 2 scrolls of magic mapping {unknown}
 h - a scroll of identify {unknown}
 i - a scroll of teleportation {unknown}
 j - a scroll of silence {unknown}
Potions
 e - a potion of haste


   Skills:
 - Level 0.9 Short Blades
 - Level 1.7 Dodging
 - Level 1.7 Stealth
 + Level 2.0 Unarmed Combat
 - Level 3.0 Spellcasting
 + Level 3.0 Conjurations
 - Level 1.0 Summonings
 - Level 0.8 Translocations


You had 8 spell levels left.
You knew the following spells:

 Your Spells              Type           Power      Damage    Failure   Level
a - Magic Dart            Conj           48%        1d5       4%          1

Your spell library contained the following spells:

 Spells                   Type           Power      Damage    Failure   Level
 Shock                    Conj/Air       28%        1d4       10%         1
 Slow                     Hex            8%         N/A       17%         1
 Call Imp                 Summ           5%         N/A       17%         2
 Blink                    Tloc           10%        N/A       19%         2
 Conjure Flame            Conj/Fire      7%         6-21      28%         3
 Mephitic Cloud           Conj/Pois/Air  5%         N/A       34%         3
 Swiftness                Air            2%         N/A       45%         3
 Airstrike                Air            1%         0-2+      86%         4
 Cause Fear               Hex            1%         N/A       86%         4
 Dragon Form              Tmut           1%         N/A       100%        7
 Dragon's Call            Summ           2%         N/A       100%        9


Dungeon Overview and Level Annotations

Branches:
Dungeon (5/15)             Temple (0/1) D:4

Altars:

Annotations:
D:2 Natasha
D:3 Grinder, Sigmund


Innate Abilities, Weirdness & Mutations

You have sharp fingernails.


Message History

You feel very sick.
* * * LOW HITPOINT WARNING * * *
You feel sick.
You feel much better.
You feel sick. The water moccasin bites you.
You feel sick.
Okay, then.
Okay, then.
Okay, then.
You feel sick.
You feel sick.
You feel sick.
You feel sick.
You feel sick.
You feel sick.
Found a staircase to the Ecumenical Temple.
You feel sick.
You feel sick.
You feel sick.
You feel sick.
You are no longer poisoned.
Found a stone staircase leading down.
An iguana comes into view.
Your extra speed is starting to run out.
There is a stone staircase leading down here.
The iguana bites you!
* * * LOW HITPOINT WARNING * * *
You climb downwards.
You hear the sound of rushing water.
There is an entrance to a sewer on this level.
Hurry and find it before the portal rusts away!
There is a stone staircase leading up here.
You feel as though your hastened speed will last longer.
You scratch the iguana.
The iguana is lightly wounded.
You scratch the iguana.
The iguana is moderately wounded.
The iguana misses you.
You scratch the iguana but do no damage.
The iguana is moderately wounded.
The iguana bites you!
You die...

#.. #... #...#
.# ##...##
...###
##....#.#
......##......#
#.........#
#l@...# ##...##
#...# .....#
..##..# #.##
#..# ## #..#
#..


You could see an iguana.

Vanquished Creatures
  Natasha (D:2)
  An adder (D:2)
  A worm (D:3)
  A dart slug (D:3)
  An orc (D:3)
  2 ball pythons (D:2)
  3 endoplasms
  2 giant cockroaches
  4 goblins (D:1)
  7 hobgoblins
  2 quokkas (D:1)
  3 bats
  8 frilled lizards
  9 kobolds
  A rat (D:3)
46 creatures vanquished.

Vanquished Creatures (others)
  3 plants (D:1)
3 creatures vanquished.

Grand Total: 49 creatures vanquished

Notes
Turn   | Place    | Note
-------+----------+-------------------------------------------
     0 | D:1      | frimble the Demonspawn Hedge Wizard began the quest for the
                  | Orb.
     0 | D:1      | Reached XP level 1. HP: 13/13 MP: 4/4
   565 | D:1      | Gained mutation: You have sharp fingernails. [demonic
                  | ancestry]
   565 | D:1      | Reached XP level 2. HP: 19/19 MP: 6/6
  1396 | D:1      | Found a faded altar of an unknown god.
  1937 | D:1      | Reached skill level 1 in Unarmed Combat
  2067 | D:2      | Noticed Natasha
  2073 | D:2      | Reached XP level 3. HP: 11/24 MP: 1/7
  2080 | D:2      | Killed Natasha
  2135 | D:2      | Noticed Natasha
  2559 | D:3      | Reached XP level 4. HP: 30/30 MP: 5/8
  3063 | D:3      | Noticed Sigmund
  3163 | D:3      | Identified the +2 buckler of Kleptomania {Rampage rN+}
  3394 | D:3      | Noticed Grinder
  3484 | D:4      | Noticed a water moccasin
  3511 | D:4      | Found a staircase to the Ecumenical Temple.
  3550 | D:5      | Entered Level 5 of the Dungeon
  3555 | D:5      | Slain by an iguana

Illustrated notes

Levels and vault maps discovered:
D:1:      spicycebolla_arrival_clurvy, layout_loops_corners,
          ebering_ecumenical_altar_sacrificial
D:2:      layout_rooms, uniq_natasha, uniq_crazy_yiuf_cottage
D:3:      layout_basic, grunt_decor_arrowhead, minivault_23,
          serial_bayou_lagoon_b, uniq_grinder, uniq_sigmund
D:4:      layout_basic, minmay_temple_entry_ruins, minmay_crossroads,
          uniq_duvessa, uniq_menkaure
D:5:      layout_cave_pods, nicolae_qazlal_style_of_elements,
          cheibrodos_sewer_entry_drain

Skill      XL: |  1  2  3  4 |
---------------+-------------+-----
Conjurations   | 2 3 |  3.0
Unarmed Combat | 1 2 |  2.0
Short Blades   | |  0.9
Dodging        | |  1.7
Stealth        | |  1.7
Spellcasting   | |  3.0
Summonings     | |  1.0
Translocations | |  0.8

Action                   |  1- 3 |  4- 6 || total
-------------------------+-------+-------++-------
Melee: Dagger            |    15 |       ||    15
       Unarmed           |    39 |    22 ||    61
       Punch             |     1 |     1 ||     2
 Cast: Magic Dart        |    58 |    14 ||    72
  Use: Potion            |     3 |     4 ||     7
       Scroll            |     2 |       ||     2
 Stab: Sleeping          |     1 |     2 ||     3
Armor: Robe              |    15 |     1 ||    16
       Skin              |     7 |       ||     7
Dodge: Dodged            |    52 |    15 ||    67

Table legend: (Time is in decaauts)
 A = Elapsed time spent in this place.
 B = Non-inter-level travel time spent in this place.
 C = Inter-level travel time spent in this place.
 D = Time resting spent in this place.
 E = Time spent auto-exploring this place.
 F = Levels seen in this place.
 G = Mean time per level.
                   A        B        C        D        E       F      G
               +--------+--------+--------+--------+--------+-----+--------+
         Total |   3547 |   3513 |     34 |     43 |   3088 |   5 |  709.4 |
       Dungeon |   3547 |   3513 |     34 |     43 |   3088 |   5 |  709.4 |
               +--------+--------+--------+--------+--------+-----+--------+

Top non-repeatable levels by time:
     D:1: 2011 daAuts
     D:3: 1276 daAuts
     D:2: 129 daAuts
     D:4: 126 daAuts
     D:5: 3 daAuts
